 Dungeon Crawl Stone Soup version 0.29-a0-371-g91724d5b39 (webtiles) character file.

Game seed: 12468528015185605750

9594 zeratav the Archer (level 11, 0/68 HPs)
             Began as a Tengu Hunter on May 2, 2022.
             Was a Priest of Fedhas.
             Killed from afar by an acid dragon (12 damage)
             ... with a splash of acid
             ... on level 10 of the Dungeon.
             The game lasted 00:25:27 (13142 turns).

zeratav the Archer (Tengu Hunter)                  Turns: 13142, Time: 00:25:28

Health: 0/68       AC:  2    Str: 18    XL:     11   Next: 48%
Magic:  19/19      EV: 21    Int: 10    God:    Fedhas [***...]
Gold:   700        SH:  0    Dex: 21    Spells: 10/10 levels left

rFire   + . .      SeeInvis .   a - +2 shortbow (vorpal) {bow}
rCold   . . .      Faith    .   (shield currently unavailable)
rNeg    . . .      Spirit   .   K - +0 steam dragon scales
rPois   .          Reflect  .   (helmet restricted)
rElec   .          Harm     .   (no cloak)
rCorr   .          Rampage  .   R - +0 pair of gloves
Will    .....                   (boots unavailable)
Stlth   ++........              (no amulet)
HPRegen 0.21/turn               q - ring of protection from fire
MPRegen 0.16/turn               i - +6 ring of strength

@: corroded, flying quickly and evasively, quick
A: beak, talons 3, nimble flight
a: Renounce Religion, Wall of Briars, Grow Ballistomycete


You were on level 10 of the Dungeon.
You worshipped Fedhas.
Fedhas was most pleased with you.
You visited 2 branches of the dungeon, and saw 11 of its levels.

You collected 700 gold pieces.


Innate Abilities, Weirdness & Mutations

You have a beak for a mouth.
You have claws for feet.
Your magical nature lets you fly swiftly and evasively.


   Skills:
 - Level 8.0 Fighting
 - Level 12.0 Bows
 - Level 8.0 Dodging
 - Level 1.0 Stealth
 + Level 9.3 Invocations


You had 10 spell levels left.
You didn't know any spells.
Your spell library contained the following spells:

 Spells                   Type           Power      Damage    Failure   Level
 Beastly Appendage        Tmut           0%         N/A       36%         1
 Shock                    Conj/Air       0%         1d3       36%         1
 Summon Small Mammal      Summ           0%         N/A       36%         1
 Scorch                   Fire           0%         2d5       50%         2
 Wereblood                Tmut           0%         N/A       50%         2
 Call Canine Familiar     Summ           0%         N/A       75%         3
 Ozocubu's Armour         Ice            0%         N/A       75%         3
 Portal Projectile        Hex/Tloc       0%         N/A       75%         3
 Spider Form              Tmut/Pois      0%         N/A       75%         3
 Summon Guardian Golem    Hex/Summ       0%         N/A       75%         3
 Swiftness                Air            0%         N/A       75%         3
 Airstrike                Air            0%         N/A       98%         4
 Flame Wave               Conj/Fire      0%         2d4       98%         4
 Leda's Liquefaction      Hex/Erth       0%         N/A       98%         4
 Metabolic Englaciation   Hex/Ice        0%         N/A       100%        5
 Simulacrum               Ice/Necr       0%         N/A       100%        6
 Summon Cactus Giant      Summ           0%         N/A       100%        6

Inventory:

Hand Weapons
 a - a +2 vorpal shortbow (weapon) {bow}
 r - the +3 long sword "Ogrebane" {drain, rPois Str+2, long}
   (You found it on level 8 of the Dungeon)

   A truly terrible weapon, it drains the life of any living foe it strikes.
   Str:       It affects your strength (+2).
   rPois:     It protects you from poison.
 M - the +10 flail of Drought {vorpal, *Corrode +Blink Str+8 Int+2, mace}
   (You took it off an orc warrior on level 8 of the Dungeon)

   It inflicts extra damage upon your enemies.
   Str:       It affects your strength (+8).
   Int:       It affects your intelligence (+2).
   +Blink:    It lets you blink.
   *Corrode:  It may corrode you when you take damage.
Armour
 o - a +2 ring mail of cold resistance
   (You found it on level 5 of the Dungeon)
 s - a +0 chain mail
   (You found it on level 10 of the Dungeon)
 K - +0 steam dragon scales (worn)
   (You took it off Maggie on level 9 of the Dungeon)
 R - a +0 pair of gloves (worn)
   (You found it on level 8 of the Dungeon)
Jewellery
 i - a +6 ring of strength (right hand)
   (You found it on level 10 of the Dungeon)
 q - a ring of protection from fire (left hand)
   (You found it on level 5 of the Dungeon)
Wands
 b - a wand of iceblast (9)
   (You found it on level 10 of the Dungeon)
 g - a wand of polymorph (6)
   (You found it on level 8 of the Dungeon)
 E - a wand of flame (22)
   (You found it on level 7 of the Dungeon)
Scrolls
 c - 4 scrolls of immolation {!r!r}
 e - a scroll of holy word
 f - 4 scrolls of brand weapon
 h - 4 scrolls of amnesia
 j - 2 scrolls of fear
 l - 11 scrolls of teleportation {@r4}
 m - 3 scrolls of blinking {!r}
 v - a scroll of silence {!r}
 w - 3 scrolls of enchant armour
 B - 3 scrolls of enchant weapon
Potions
 d - a potion of brilliance
 k - 3 potions of attraction {!q}
 n - 2 potions of mutation {!q}
 p - a potion of haste {@q3}
 t - 2 potions of ambrosia
 u - a potion of resistance {unknown}
 z - a potion of cancellation {unknown}
 A - a potion of heal wounds {unknown}
 H - 2 potions of curing {unknown}
 I - a potion of might {unknown}

Dungeon Overview and Level Annotations

Branches:
Dungeon (10/15)            Temple (1/1) D:5            Lair (0/6) D:10
    Orc: D:9-12

Altars:
Ashenzari
Cheibriados
Dithmenos
Elyvilon
Fedhas
Gozag
Hepliaklqana
Kikubaaqudgha
Makhleb
Nemelex Xobeh
Okawaru
Qazlal
Ru
Sif Muna
Trog
Uskayaw
Vehumet
Wu Jian
Xom
Yredelemnul
Zin
The Shining One

##########
....$.. ...
..........
.......#..
..........
..........
..........
.........
..........
.........
########..
........#
#......#..
......D.#
#......#..
#@#
+......'..
#.#
#......#..
#.#
#......#..
#.#
#......#..
#.#
#...##.#..
.######.#
+......#..
........###
#......###
.........)#
##.......#
#..........#
#.......#


You could see an acid dragon (catching breath).


Message History

You reach down and open the door.
There is an open door here.
You reach down and open the door.
There is an open door here.
s - a +0 chain mail You see here a +0 halberd {polearm}.
You reach down and open the door.
There is an open door here.
You reach down and open the door.
Found a stone staircase leading down.
You feel stronger.
i - a +6 ring of strength (right hand)
There is an open door here.
As you open the door, it creaks loudly!
There is an open door here.
There is an open door here.
There is an open door here.
You reach down and open the door.
There is an open door here.
There is an open door here.
An acid dragon comes into view.
An acid dragon is nearby!
You shoot an arrow.
The arrow hits the acid dragon but does no damage.
The acid dragon roars!
You shoot an arrow.
The arrow barely misses the acid dragon.
You shoot an arrow. The arrow hits the acid dragon!
The acid dragon spits acid at you. The splash of acid hits you!!
HP[-20]
You take 20 damage, and now have 48/68 hp.
MASSIVE DAMAGE!! (PAUSE)
You are too injured to fight recklessly!
You are too injured to fight recklessly!
You are too injured to fight recklessly!
Shoot: a) +2 shortbow (vorpal) {bow}
Press: ? - help, Q - select action, (/) - cycle Shift-Dir - straight line, f/p - acid dragon
Aim: an acid dragon (moderately wounded, 73% to hit)
You shoot an arrow.
The arrow barely misses the acid dragon.
The acid dragon spits acid at you. The splash of acid hits you!!
* * * LOW HITPOINT WARNING * * *
The acid corrodes you!
HP[-30]
You take 30 damage, and now have 18/68 hp.
MASSIVE DAMAGE!! (PAUSE) Shoot: a) +2 shortbow (vorpal) {bow}
Press: ? - help, Q - select action, (/) - cycle Shift-Dir - straight line, f/p - acid dragon
Aim: an acid dragon (moderately wounded, catching its breath, 73% to hit)
You shoot an arrow.
The arrow barely misses the acid dragon.
Shoot: a) +2 shortbow (vorpal) {bow}
Press: ? - help, Q - select action, (/) - cycle Shift-Dir - straight line, f/p - acid dragon
Aim: an acid dragon (moderately wounded, catching its breath, 73% to hit)
You shoot an arrow.
The arrow closely misses the acid dragon.
Shoot: a) +2 shortbow (vorpal) {bow}
Press: ? - help, Q - select action, (/) - cycle Shift-Dir - straight line, f/p - acid dragon
Aim: an acid dragon (moderately wounded, 73% to hit)
You shoot an arrow. The arrow hits the acid dragon.
HP[+1] Shoot: a) +2 shortbow (vorpal) {bow}
Press: ? - help, Q - select action, (/) - cycle Shift-Dir - straight line, f/p - acid dragon
Aim: an acid dragon (heavily wounded, 73% to hit)
You shoot an arrow.
The arrow closely misses the acid dragon.
Shoot: a) +2 shortbow (vorpal) {bow}
Press: ? - help, Q - select action, (/) - cycle Shift-Dir - straight line, f/p - acid dragon
Aim: an acid dragon (heavily wounded, 73% to hit)
You shoot an arrow.
The arrow barely misses the acid dragon.
Shoot: a) +2 shortbow (vorpal) {bow}
Press: ? - help, Q - select action, (/) - cycle Shift-Dir - straight line, f/p - acid dragon
Aim: an acid dragon (heavily wounded, 73% to hit)
You shoot an arrow. The arrow hits the acid dragon.
The acid dragon bites you.
* * * LOW HITPOINT WARNING * * *
The acid dragon misses you.
HP[-4]
You take 4 damage, and now have 15/68 hp.
Shoot: a) +2 shortbow (vorpal) {bow}
Press: ? - help, Q - select action, (/) - cycle Shift-Dir - straight line, f/p - acid dragon
Aim: an acid dragon (severely wounded, 73% to hit)
You shoot an arrow.
The arrow hits the acid dragon but does no damage.
The acid dragon completely misses you. The acid dragon claws you.
* * * LOW HITPOINT WARNING * * *
HP[-3]
You take 3 damage, and now have 12/68 hp.
Shoot: a) +2 shortbow (vorpal) {bow}
Press: ? - help, Q - select action, (/) - cycle Shift-Dir - straight line, f/p - acid dragon
Aim: an acid dragon (severely wounded, 73% to hit)
You shoot an arrow.
The arrow barely misses the acid dragon.
The acid dragon spits acid at you. The splash of acid hits you!
You die...
Fedhas appreciates your contribution to the ecosystem.

Skill      XL: |  1  2  3  4  5  6  7  8  9 10 11 |
---------------+----------------------------------+-----
Bows           | 5 6 7 8 10 12 | 12.0
Fighting       | 4 8 |  8.0
Dodging        | 7 8 |  8.0
Invocations    | 6 9 |  9.3
Stealth        | |  1.0

Action                   |  1- 3 |  4- 6 |  7- 9 | 10-12 || total
-------------------------+-------+-------+-------+-------++-------
Melee: Shortbow          |       |       |       |     7 ||     7
       Peck              |       |       |       |     1 ||     1
 Fire: Shortbow          |    82 |   104 |   307 |   415 ||   908
Invok: Wall of Briars    |       |       |     1 |     1 ||     2
       Grow Ballistomyce |       |       |       |     1 ||     1
Evoke: Wand              |       |       |       |     4 ||     4
  Use: Scroll            |       |    13 |     3 |     6 ||    22
       Potion            |       |       |       |     1 ||     1
Armor: Leather armour    |     4 |     1 |    24 |    15 ||    44
       Steam dragon scal |       |       |       |     3 ||     3
Dodge: Dodged            |    15 |    29 |    86 |   159 ||   289

Levels and vault maps discovered:
D:1:      matt_arrival_refuge, layout_loops_ring,
          shapermc_ecumenical_altar_ellora, grunt_decor_one_mirror,
          grunt_decor_cap, minmay_pentomino_s4
D:2:      minmay_general_purpose_star, layout_basic, basic_altar,
          grunt_decor_fettered
D:3:      layout_basic
D:4:      nicolae_cairo_tiling_large_dashed, layout_cave_pools
D:5:      layout_basic, nemelex_xobeh_ov_fountains_minmay,
          minmay_temple_entry_offerings
D:6:      layout_basic
D:7:      layout_loops_corners, amcnicky_mini_pool_small
D:8:      layout_loops_ring, hangedman_glass_teeth, minmay_orc_keep, uniq_pikel
D:9:      layout_long_grid, uniq_maggie
D:10:     layout_stronghold, david_lair_generic
Temple:   mainiacjoe_temple_archimedes_tessellation

Notes
Turn   | Place    | Note
-------+----------+-------------------------------------------
     0 | D:1      | zeratav the Tengu Hunter began the quest for the Orb.
     0 | D:1      | Reached XP level 1. HP: 12/12 MP: 2/2
     0 | D:1      | magus.rc [v1.9.6]
    21 | D:1      | You pick up a book of Air and begin reading...
    21 | D:1      | You add the spells Shock, Swiftness and Airstrike to your
                  | library.
    58 | D:1      | You pick up a book of Scorching and begin reading...
    58 | D:1      | You add the spells Scorch, Flame Wave and Summon Cactus
                  | Giant to your library.
    87 | D:1      | You pick up a book of the Hunter and begin reading...
    87 | D:1      | You add the spells Call Canine Familiar, Portal Projectile
                  | and Leda's Liquefaction to your library.
   289 | D:1      | Found a faded altar of an unknown god.
   340 | D:1      | Reached XP level 2. HP: 17/17 MP: 3/3
   464 | D:1      | Reached skill level 5 in Bows
   903 | D:2      | Reached XP level 3. HP: 21/21 MP: 4/4
  1248 | D:2      | Found a sacrificial altar of Ru.
  1534 | D:3      | Reached skill level 6 in Bows
  1534 | D:3      | Reached XP level 4. HP: 26/26 MP: 5/5
  1979 | D:3      | You pick up a book of the Hunter and begin reading...
  2432 | D:4      | Reached skill level 7 in Bows
  2432 | D:4      | Gained mutation: Your magical nature lets you fly swiftly
                  | and evasively. [Tengu growth]
  2432 | D:4      | Reached XP level 5. HP: 30/30 MP: 6/6
  2659 | D:4      | Reached XP level 6. HP: 27/35 MP: 7/7
  2752 | D:4      | Reached skill level 8 in Bows
  3080 | D:5      | Entered Level 5 of the Dungeon
  3304 | D:5      | Reached XP level 7. HP: 40/40 MP: 8/8
  3315 | D:5      | Found a staircase to the Ecumenical Temple.
  3318 | D:5      | Identified a +0 crystal plate armour
  3319 | D:5      | x - a +0 crystal plate armour {rare=g}
  3328 | D:5      | Reached skill level 9 in Bows
  3342 | D:5      | Found a sparkling altar of Nemelex Xobeh.
  3447 | D:5      | You pick up a book of Callings and begin reading...
  3447 | D:5      | You add the spells Summon Small Mammal and Summon Guardian
                  | Golem to your library.
  3453 | Temple   | Entered the Ecumenical Temple
  3671 | Temple   | Became a worshipper of Fedhas Madash
  3706 | Temple   | You drop a +0 crystal plate armour {rare=g}.
  4137 | D:5      | Reached skill level 10 in Bows
  4555 | D:6      | Reached XP level 8. HP: 23/44 MP: 9/9
  4817 | D:6      | Reached skill level 11 in Bows
  5199 | D:6      | Noticed a yak
  5200 | D:6      | Noticed a yak
  5201 | D:6      | Noticed a yak
  5272 | D:5      | HP: 2/44 [yak (16)]
  5298 | D:5      | Killed a yak
  5299 | D:5      | Reached skill level 12 in Bows
  5648 | D:6      | Noticed a troll
  5672 | D:6      | Killed a troll
  5673 | D:6      | Reached skill level 4 in Fighting
  5788 | D:6      | Reached XP level 9. HP: 53/53 MP: 10/10
  5818 | D:6      | Reached skill level 5 in Fighting
  5924 | D:6      | Reached * piety under Fedhas
  6127 | D:6      | Reached skill level 6 in Fighting
  6530 | D:7      | Reached skill level 7 in Fighting
  7090 | D:7      | Reached skill level 8 in Fighting
  7125 | D:7      | Reached skill level 3 in Dodging
  7187 | D:7      | Reached skill level 4 in Dodging
  7684 | D:8      | Reached ** piety under Fedhas
  7685 | D:8      | Reached skill level 5 in Dodging
  7685 | D:8      | Noticed Pikel
  7706 | D:8      | Killed Pikel
  7707 | D:8      | Reached skill level 7 in Dodging
  7707 | D:8      | Reached XP level 10. HP: 64/64 MP: 8/11
  7761 | D:8      | You pick up a book of Winter and begin reading...
  7761 | D:8      | You add the spells Ozocubu's Armour, Metabolic Englaciation
                  | and Simulacrum to your library.
  7796 | D:8      | Identified the +10 flail of Drought {vorpal, *Corrode
                  | +Blink Str+8 Int+2}
  8291 | D:8      | Reached skill level 8 in Dodging
  8298 | D:8      | Reached skill level 1 in Invocations
  8303 | D:8      | Reached skill level 2 in Invocations
  8314 | D:8      | Reached skill level 3 in Invocations
  8550 | D:8      | Identified the +3 long sword "Ogrebane" {drain, rPois
                  | Str+2}
  9023 | D:9      | Reached skill level 4 in Invocations
  9064 | D:8      | HP: 12/64 [poisoned by a hornet]
  9066 | D:8      | HP: 5/64 [poisoned by a hornet]
  9339 | D:8      | Reached skill level 5 in Invocations
  9952 | D:9      | Reached skill level 6 in Invocations
 10204 | D:8      | Reached *** piety under Fedhas
 10205 | D:8      | Reached XP level 11. HP: 62/68 MP: 15/17
 10208 | D:8      | Reached skill level 7 in Invocations
 10490 | D:9      | Reached skill level 8 in Invocations
 10500 | D:9      | HP: 17/68 [poisoned by a killer bee]
 10870 | D:9      | You pick up a book of Changes and begin reading...
 10870 | D:9      | You add the spells Beastly Appendage, Wereblood and Spider
                  | Form to your library.
 11095 | D:9      | Noticed Maggie
 11107 | D:9      | Killed Maggie
 11259 | D:10     | Entered Level 10 of the Dungeon
 11516 | D:10     | Noticed a death yak
 11565 | D:9      | Reached skill level 9 in Invocations
 12765 | D:9      | Killed a death yak
 12831 | D:10     | Found a staircase to the Lair.
 13140 | D:10     | HP: 15/68 [acid dragon (4)]
 13142 | D:10     | Killed from afar by an acid dragon

Vanquished Creatures
  A death yak (D:9)
  Pikel (D:8)
  An elephant (D:9)
  Maggie (D:9)
  A hornet (D:8)
  A troll (D:6)
  2 wraiths
  A wyvern (D:7)
  26 yaks
  2 steam dragons
  An acid dragon (D:9)
  2 water moccasins
  An ice beast (D:7)
  3 sky beasts
  A black bear (D:6)
  2 orc warriors
  An ogre (D:5)
  A lemure (D:8)
  A phantom (D:5)
  A kobold brigand (D:8)
  2 necrophages (D:5)
  A gnoll sergeant (D:9)
  A bullfrog (D:6)
  A scorpion (D:5)
  5 killer bees (D:9)
  5 howler monkeys
  7 hounds
  4 orc priests
  2 jellies
  5 iguanas
  15 orc wizards
  4 gnolls
  8 adders
  A shadow imp (D:5)
  3 white imps
  3 ufetubi
  A worm (D:2)
  30 orcs
  8 endoplasms
  8 goblins
  2 hobgoblins
  6 jackals
  3 kobolds
  6 quokkas
  2 ball pythons
  5 bats
  3 frilled lizards
  5 rats
197 creatures vanquished.

Vanquished Creatures (collateral kills)
  A water moccasin (D:8)
  An orc (D:9)
  2 kobolds (D:8)
  A ballistomycete spore (D:9)
5 creatures vanquished.

Vanquished Creatures (others)
  A ballistomycete spore (D:9)
1 creature vanquished.

Grand Total: 203 creatures vanquished

Table legend:
 A = Non-vault XP
 B = Vault XP
 C = Vault XP percentage of total XP
 D = Non-vault monster count
 E = Vault monster count
 F = Vault count percentage of total count
                 A         B        C        D         E       F
            +---------+---------+-------+---------+---------+-------
      Total |   11114 |    2593 |  18.9 |     179 |      21 |  10.5
            +---------+---------+-------+---------+---------+-------
        D:1 |      20 |       6 |  23.1 |      14 |       3 |  17.6
        D:2 |      45 |       6 |  11.8 |      11 |       5 |  31.2
        D:3 |      52 |       0 |   0.0 |      15 |       0 |   0.0
        D:4 |     351 |       0 |   0.0 |      21 |       0 |   0.0
        D:5 |     946 |       0 |   0.0 |      23 |       0 |   0.0
        D:6 |    1739 |       0 |   0.0 |      21 |       0 |   0.0
        D:7 |    1118 |       0 |   0.0 |      20 |       0 |   0.0
        D:8 |    3574 |     903 |  20.2 |      25 |      10 |  28.6
        D:9 |    3035 |    1678 |  35.6 |      27 |       3 |  10.0
       D:10 |     234 |       0 |   0.0 |       2 |       0 |   0.0
            +---------+---------+-------+---------+---------+-------

Illustrated notes

Table legend:
 A = Kills in this place as a percentage of kills in entire the game.
 B = Kills by you in this place as a percentage of kills by you in the entire game.
 C = Kills by friends in this place as a percentage of kills by friends in the entire game.
 D = Other kills in this place as a percentage of other kills in the entire game.
 E = Experience gained in this place as a percentage of experience gained in the entire game.
 F = Experience gained in this place divided by the number of levels of this place that you have seen.
                   A       B       C       D       E      F
               +-------+-------+-------+-------+-------+----------------------
         Total | 100.0 | 100.0 | 100.0 |   N/A | 100.0 | 1246.1
       Dungeon | 100.0 | 100.0 | 100.0 |   N/A | 100.0 | 1370.7
               +-------+-------+-------+-------+-------+----------------------

Table legend: (Time is in decaauts)
 A = Elapsed time spent in this place.
 B = Non-inter-level travel time spent in this place.
 C = Inter-level travel time spent in this place.
 D = Time resting spent in this place.
 E = Time spent auto-exploring this place.
 F = Levels seen in this place.
 G = Mean time per level.
                   A        B        C        D        E       F      G
               +--------+--------+--------+--------+--------+-----+--------+
         Total |  12560 |  12228 |    332 |   2085 |   7073 |  11 | 1141.8 |
       Dungeon |  12330 |  12022 |    308 |   2085 |   6908 |  10 | 1233.0 |
        Temple |    229 |    205 |     24 |      0 |    165 |   1 |  229.0 |
               +--------+--------+--------+--------+--------+-----+--------+

Top non-repeatable levels by time:
     D:9: 2498 daAuts
     D:8: 2194 daAuts
     D:6: 1487 daAuts
     D:5: 1486 daAuts
     D:7: 1110 daAuts
     D:3: 895 daAuts
     D:1: 802 daAuts
     D:2: 740 daAuts
     D:4: 647 daAuts
    D:10: 469 daAuts
  Temple: 229 daAuts
